 Dungeon Crawl Stone Soup version 0.28-a0-730-g892d06dc2c (webtiles) character file.

Game seed: 5130551065623972794

476 lawman0 the Gusty (level 6, -13/42 HPs)
             Began as a Demonspawn Air Elementalist on Oct 28, 2021.
             Was a Believer of Wu Jian.
             Killed from afar by a steam dragon (15 damage)
             ... with a ball of steam
             ... on level 3 of the Dungeon.
             The game lasted 00:09:07 (5259 turns).

lawman0 the Gusty (Demonspawn Air Elementalist)     Turns: 5259, Time: 00:09:08

Health: -13/42     AC:  2    Str: 10    XL:     6   Next: 84%
Magic:  11/11      EV: 12    Int: 17    God:    Wu Jian [**....]
Gold:   174        SH:  0    Dex: 13    Spells: 1/11 levels left

rFire   . . .      SeeInvis .   b - +2 spear (venom)
rCold   . . .      Faith    .   (no shield)
rNeg    . . .      Spirit   .   a - +0 robe
rPois   .          Reflect  .   (helmet restricted)
rElec   .          Harm     .   (no cloak)
rCorr   .          Rampage  .   (no gloves)
Will    .....                   (no boots)
Stlth   ++........              k - amulet of magic regeneration
HPRegen 0.14/turn               (no ring)
MPRegen 0.49/turn               (no ring)

@: about to teleport, flying
A: foul stench 1, magic regeneration, demonic touch 1, antennae 1
a: Renounce Religion, Wall Jump


You were on level 3 of the Dungeon.
You worshipped Wu Jian.
Wu Jian was pleased with you.
You visited 1 branch of the dungeon, and saw 4 of its levels.

You collected 174 gold pieces.

Inventory:

Hand Weapons
 b - a +2 spear of venom (weapon)
Missiles
 g - 2 throwing nets
 h - 5 silver boomerangs
 i - 21 poisoned darts (quivered)
Armour
 a - a +0 robe (worn)
Jewellery
 k - an amulet of magic regeneration (around neck)
Scrolls
 c - a scroll of brand weapon
 e - a scroll of enchant weapon {unknown}
 f - a scroll of teleportation
 j - a scroll of fear {unknown}
 m - a scroll of fog {unknown}
Potions
 l - a potion of brilliance {unknown}


   Skills:
 + Level 0.8 Fighting
 + Level 2.6 Dodging
 + Level 2.9 Stealth
 + Level 3.4 Spellcasting
 + Level 2.8 Conjurations
 * Level 5.0 Air Magic


You had one spell level left.
You knew the following spells:

 Your Spells              Type           Power      Damage    Failure   Level
a - Shock                 Conj/Air       64%        1d7       3%          1
b - Static Discharge      Conj/Air       16%        N/A       4%          2
c - Swiftness             Air            20%        N/A       6%          3
d - Airstrike             Air            10%        N/A       22%         4

Your spell library contained the following spells:

 Spells                   Type           Power      Damage    Failure   Level
 Magic Dart               Conj           48%        1d5       5%          1
 Searing Ray              Conj           24%        2d5       8%          2
 Fulminant Prism          Conj/Hex       3%         3d6       67%         4


Dungeon Overview and Level Annotations

Branches:
Dungeon (4/15)
 Temple: D:4-7

Altars:
Okawaru
Wu Jian


Innate Abilities, Weirdness & Mutations

You may rarely emit foul miasma when damaged in melee.
You regenerate magic rapidly.
Your touch may inflict minor irresistible damage on your foes.
You have a pair of small antennae on your head.


Message History

The spell is quite dangerous to cast (22% risk of failure)!
Continue anyway?
Okay, then.
Unknown command.
Unknown command.
Okay, then.
You aren't carrying any items that you can evoke.
Throw: 22 darts (poison)
Press: ? - help, Q - select action, (/) - cycle Shift-Dir - straight line, f - steam dragon
Aim: a steam dragon (56% to hit)
You throw a poisoned dart.
The poisoned dart closely misses the steam dragon.
Unknown command.
Unknown command.
Casting: Airstrike (quite dangerous; 22% risk of failure)
Confirm with . or Enter, or press ? or * to list all spells.
Aiming: Shock (safe; 3% risk of failure)
Press: ? - help, Shift-Dir - straight line, f/p - steam dragon
Aim: a steam dragon (71% to hit)
The zap hits the steam dragon.
The steam dragon is lightly wounded.
The steam dragon breathes steam at you. The ball of steam hits you!
* * * LOW HITPOINT WARNING * * *
Casting: Shock (safe; 3% risk of failure)
Confirm with . or Enter, or press ? or * to list all spells.
You can't see any susceptible monsters within range! (Use Z to cast anyway.) Unknown command.
Unknown command.
Unknown command.
As you read the scroll of teleportation, it crumbles to dust.
You feel strangely unstable.
You are engulfed in a cloud of scalding steam.
* * * LOW HITPOINT WARNING * * *
Unknown command.
It was a potion of flight.
You feel very buoyant.
You fly up into the air.
The steam dragon breathes steam at you. The ball of steam hits you!
You die...

#.# #..<....# # #.#
###.###.# # #.# #.#
#.## #)#
#.###..######## #.#
#...##........# #.#
#...#########.######
#.# #...# #.......
#.## #...#####
###.#### #..#
#..@§...#######..###
##.#
#..§###.........)...
##.### #..§#
#######..####.
#....###..§# #..##
## #........)D# #.##
# #....##...######
##.# #
########.......#
#..# #
#.)####.###.## #
#.(...#.....### #


There were no monsters in sight!

Vanquished Creatures
  A black bear (D:4)
  A centaur (D:4)
  A water moccasin skeleton (D:4)
  2 iguanas (D:4)
  Natasha (D:2)
  2 orc wizards (D:4)
  4 adders
  3 gnolls (D:3)
  A worm (D:3)
  2 dart slugs
  3 orcs (D:4)
  6 bats
  8 endoplasms
  3 giant cockroaches
  8 goblins
  6 hobgoblins
  2 jackals (D:1)
  5 ball pythons
  4 frilled lizards
  3 kobolds
  6 rats
72 creatures vanquished.

Notes
Turn   | Place    | Note
-------+----------+-------------------------------------------
     0 | D:1      | lawman0 the Demonspawn Air Elementalist began the quest for
                  | the Orb.
     0 | D:1      | Reached XP level 1. HP: 13/13 MP: 3/3
   247 | D:1      | Reached skill level 3 in Air Magic
   331 | D:1      | Found a faded altar of an unknown god.
   386 | D:1      | Prayed at the altar of an unknown god.
   386 | D:1      | Became a worshipper of the Wu Jian Council
   386 | D:1      | Reached * piety under Wu Jian
   387 | D:1      | sick
   413 | D:1      | Gained mutation: Your touch may inflict minor irresistible
                  | damage on your foes. [demonic ancestry]
   413 | D:1      | Reached XP level 2. HP: 19/19 MP: 0/5
   413 | D:1      | lol hell yeah
   580 | D:1      | Learned a level 2 spell: Static Discharge
  1660 | D:2      | Gained mutation: You may rarely emit foul miasma when
                  | damaged in melee. [demonic ancestry]
  1660 | D:2      | Reached XP level 3. HP: 24/24 MP: 4/6
  1713 | D:2      | Found an iron altar of Okawaru.
  2003 | D:2      | Noticed Natasha
  2010 | D:2      | Killed Natasha
  2246 | D:3      | HP: 1/24 [frozen (3)]
  2567 | D:3      | Gained mutation: You regenerate magic rapidly. [demonic
                  | ancestry]
  2567 | D:3      | Reached XP level 4. HP: 15/30 MP: 0/7
  2568 | D:3      | sick
  3097 | D:3      | Learned a level 3 spell: Swiftness
  3138 | D:3      | Noticed a steam dragon
  3276 | D:3      | Reached skill level 4 in Air Magic
  3427 | D:4      | Reached ** piety under Wu Jian
  3428 | D:4      | Reached XP level 5. HP: 7/35 MP: 2/8
  4233 | D:4      | Noticed a centaur
  4246 | D:4      | Gained mutation: You have a pair of small antennae on your
                  | head. [potion of mutation]
  4248 | D:4      | Killed a centaur
  4249 | D:4      | Reached XP level 6. HP: 6/42 MP: 10/10
  4583 | D:4      | Learned a level 4 spell: Airstrike
  4940 | D:4      | Reached skill level 5 in Air Magic
  5257 | D:3      | HP: 2/42 [something] (5)]
  5259 | D:3      | Killed from afar by a steam dragon

Illustrated notes # #.#.#####.# #.###.#.#####.# . #..........##.###.# $.. ####..............# .....####..#†##.##.##### ..........#........## ##.#.###.....##..###.## .....†.....####.## ##.# #.....@........# #.# #.#.##..######.## ##># #.# #..#.......###.## #. #..#.####.#...## #. #..#.# #.##.## #. ...#.####.##.# #. ##......#.##.# #. ##.##.#.##.# #.#######.##.#.##.# ## Turn 387 on D:1: sick

#.#.......# # #.#.#
#.#.#####.#
#.#.#.#.###.#.#####.#
##.#.#.#..........##.###
r.$.)..####.............
.....####..#†##.##.###
..........#........##
####.#.###.....##..###.#
.......@.....####.## ##.
####....._........# #.
#.#.##..######.## ##>
#.#. #..#.......###.#
#.#. #..#.####.#...##
#.#. #..#.# #.##.## #.#.
...#.####.##.# #.##
##......#.##.# #.
##.##.#.##.#


Turn 413 on D:1: lol hell yeah .. . ############ ## ##. #..........# ..##..
#..........# ...#.# #).........# .....#######..........# ..#...................#
...#.#.####...........# ..............>)@.....# ...#.#.#####..........#
..##.#.## #..........# .. #.#..## #..........# [ #.##..# ############ ...#.#..##
.......## ...#.### ..##.# Turn 2568 on D:3: sick

Levels and vault maps discovered:
D:1:      elethiomel_arrival_fortress_basement, layout_loops_ring,
          basic_ecumenical_altar
D:2:      layout_loops_ring, basic_altar, bh_walls_and_bars, uniq_natasha
D:3:      layout_rooms
D:4:      layout_cave_pods

Skill      XL: |  1  2  3  4  5  6 |
---------------+-------------------+-----
Air Magic      | 3 4 5 |  5.0
Dodging        | 2 |  2.6
Stealth        | 2 |  2.9
Conjurations   | 2 |  2.8
Spellcasting   | 3 |  3.4
Fighting       | |  0.8

Action                   |  1- 3 |  4- 6 || total
-------------------------+-------+-------++-------
Melee: Unarmed           |     5 |       ||     5
       Short sword       |    16 |       ||    16
       Touch             |     4 |     9 ||    13
       Spear             |    20 |    46 ||    66
Throw: Dart              |       |     3 ||     3
 Cast: Shock             |    53 |    70 ||   123
       Static Discharge  |     4 |     2 ||     6
Invok: Lunge             |     2 |     1 ||     3
       Whirlwind         |    11 |     9 ||    20
 Abil: Wall Jump         |       |    14 ||    14
  Use: Potion            |       |     5 ||     5
       Scroll            |       |     3 ||     3
 Stab: Distracted        |     1 |       ||     1
       Sleeping          |     1 |     2 ||     3
Armor: Robe              |    13 |     4 ||    17
Dodge: Dodged            |    28 |    35 ||    63

Table legend: (Time is in decaauts)
 A = Elapsed time spent in this place.
 B = Non-inter-level travel time spent in this place.
 C = Inter-level travel time spent in this place.
 D = Time resting spent in this place.
 E = Time spent auto-exploring this place.
 F = Levels seen in this place.
 G = Mean time per level.
                   A        B        C        D        E       F      G
               +--------+--------+--------+--------+--------+-----+--------+
         Total |   5277 |   5136 |    141 |   1662 |   2849 |   4 | 1319.2 |
       Dungeon |   5277 |   5136 |    141 |   1662 |   2849 |   4 | 1319.2 |
               +--------+--------+--------+--------+--------+-----+--------+

Top non-repeatable levels by time:
     D:4: 1594 daAuts
     D:1: 1301 daAuts
     D:3: 1193 daAuts
     D:2: 1188 daAuts
